 Dungeon Crawl Stone Soup version 0.30.0-15-g856e2d3f33 (webtiles) character file.

Game seed: 5659258988851930268

950 IndexError the Magician (level 8, -4/50 HPs)
             Began as a Djinni Summoner on May 19, 2023.
             Was an Initiate of Ashenzari.
             Slain by a killer bee (8 damage)
             ... on level 5 of the Dungeon.
             The game lasted 00:08:31 (3241 turns).

IndexError the Magician (Djinni Summoner)           Turns: 3241, Time: 00:08:31

Health: -4/50      AC:  3    Str:  7    XL:     8   Next: 35%
Gold:   203        EV: 12    Int: 20    God:    Ashenzari [......] SH:  0 Dex: 13

rFire   + + .        a - +0 sling
rCold   x . .        (no shield)
rNeg    . . .        e - +0 robe
rPois   ∞            (no helmet)
rElec   .            l - +0 cloak
rCorr   .            (no gloves)
SInv    .            (boots unavailable)
Will    .....        k - amulet of regeneration {+regen, !d}
Stlth   ++           (no ring)
HPRegen 1.08/turn    (no ring)
MPRegen 0.00/turn

%: infuse magic (-5 HP)
@: flying
A: sickness immunity, fire resistance 2, cold vulnerability 1, float, innate
caster, HP casting, extra vitality 1
a: Renounce Religion


You were on level 5 of the Dungeon.
You worshipped Ashenzari.
Ashenzari was noncommittal.
You visited 2 branches of the dungeon, and saw 6 of its levels.

You collected 203 gold pieces.

Inventory:

Hand Weapons
 a - a +0 sling (weapon)
   (You found it on level 1 of the Dungeon)
 b - a +2 short sword of electrocution
   (You took it off an orc on level 3 of the Dungeon)
Missiles
 w - 3 boomerangs of dispersal {=f}
Armour
 e - a +0 robe (worn)
 l - a +0 cloak (worn)
   (You found it on level 1 of the Dungeon)
 q - a +0 pair of gloves
   (You found it on level 3 of the Dungeon)
Magical Staves
 g - a staff of earth
   (You found it on level 1 of the Dungeon)
Jewellery
 k - an amulet of regeneration (around neck) {+regen, !d}
   (You found it on level 1 of the Dungeon)
Wands
 u - a wand of charming (10)
   (You found it on level 4 of the Dungeon)
 x - a wand of roots (4)
   (You took it off an orc on level 4 of the Dungeon)
Scrolls
 f - 2 scrolls of fear {unknown}
 h - 4 scrolls of torment {unknown}
 i - a scroll of amnesia {unknown}
 j - 3 scrolls of identify {unknown}
 o - 3 scrolls of teleportation {unknown}
 p - 2 scrolls of enchant armour {unknown}
 r - a scroll of immolation {unknown}
 t - a scroll of vulnerability {unknown}
 v - a scroll of butterflies {unknown}
Potions
 c - a potion of brilliance {unknown}
 d - 2 potions of invisibility {unknown}
 m - a potion of haste
 n - 2 potions of curing {unknown}
 s - 2 potions of degeneration {unknown}


   Skills:
 - Level 2.1 Dodging
 - Level 1.5 Stealth
 + Level 7.8 Spellcasting


You knew the following spells:

 Your Spells              Type           Power      Damage    Failure   Level
a - Summon Small Mammal   Summ           100%       N/A       1%          1
b - Call Canine Familiar  Summ           39%        N/A       1%          3
c - Call Imp              Summ           78%        N/A       1%          2
d - Summon Guardian Gole  Hex/Summ       39%        N/A       1%          3
e - Summon Lightning Spi  Summ/Air       39%        N/A       3%          4
f - Sting                 Tmut/Pois      100%       1d8       1%          1
g - Blink                 Tloc           78%        N/A       1%          2
h - Dazzling Flash        Conj/Hex       78%        N/A       1%          3
Your spell library was empty.

Dungeon Overview and Level Annotations

Branches:
Dungeon (5/15)             Temple (1/1) D:4

Altars:
Ashenzari
Cheibriados
Dithmenos
Elyvilon
Gozag
Hepliaklqana
Nemelex Xobeh
Okawaru
Qazlal
Ru
Trog
Uskayaw
Xom
Yredelemnul
Zin
The Shining One


Innate Abilities, Weirdness & Mutations

You are immune to sickness and miasma.
You are immune to poison.
Your flesh is very heat resistant. (rF++)
You are vulnerable to cold. (rC-)
You float through the air rather than walking.
You learn spells naturally, not from books.
Your magical power is your life essence.
You have superior vitality. (+4 MHP)


Message History

Confirm with . or Enter, or press ? or * to list all spells.
* * * LOW HITPOINT WARNING * * *
The killer bee stings you but does no damage.
The killer bee misses you.
Something closely misses your cerulean imp.
The killer bee stings you but does no damage. x2
You hear an angry buzzing noise.
You take 2 damage, and have 12/50 hp.
Casting: Call Canine Familiar (safe; 1% risk of failure)
Confirm with . or Enter, or press ? or * to list all spells.
A tiny devil pulls itself out of the air.
* * * LOW HITPOINT WARNING * * *
The killer bee closely misses you. The killer bee stings you.
* * * LOW HITPOINT WARNING * * *
The killer bee closely misses you. The killer bee barely misses you.
You take 5 damage, and have 7/50 hp.
Your hound misses the killer bee.
Your cerulean imp barely misses the killer bee.
Your hound bites the killer bee but does no damage.
The killer bee barely misses you. The killer bee stings you.
* * * LOW HITPOINT WARNING * * *
You take 5 damage, and have 2/50 hp.
The killer bee attacks as you move away!
The killer bee misses you.
The killer bee closely misses your hound.
Your hound bites the killer bee.
Your cerulean imp closely misses the killer bee.
The killer bee stings you.
* * * LOW HITPOINT WARNING * * *
Your lightning spire shoots out a bolt of lightning at the killer bee!
The bolt of electricity hits the killer bee! x2
The bolt of electricity hits your lightning spire.
Your lightning spire completely resists.
You hear an angry hiss.
The killer bee stings your lightning spire but does no damage.
Your hound completely misses the killer bee.
The killer bee stings your lightning spire.
Your hound bites the killer bee.
An iguana comes into view.
The killer bee stings your hound.
Your hound bites the killer bee.
Your cerulean imp closely misses the killer bee.
The killer bee stings your cerulean imp.
You are too injured to fight recklessly!
Unknown command.
Fire: a) +0 sling
Press: ? - help, Q - select action, (/) - cycle Shift-Dir - straight line, f - killer bee
Aim: a killer bee (severely wounded, ally target, 16% to hit)
Really fire in your hound's direction?
Okay, then.
The killer bee misses your cerulean imp.
Your hound bites the killer bee.
An adder comes into view.
Your lightning spire shoots out a bolt of lightning at the iguana!
The bolt of electricity hits the iguana! x2
Something stings your cerulean imp but does no damage.
Something stings your cerulean imp.
Your hound closely misses the adder.
Your cerulean imp barely misses the adder.
The adder bites your hound.
Your hound barely misses the adder.
Something stings your cerulean imp!
Your cerulean imp disappears in a puff of smoke!
Your hound closely misses the killer bee.
The killer bee stings your hound.
Your hound misses the killer bee.
The killer bee closely misses your hound.
Something bites your hound.
Your hound is poisoned.
Something poisons your hound! The killer bee stings your hound.
Your hound's corpse disappears in a puff of smoke!
The killer bee buzzes angrily.
You regained 2 hp, and now have 13/50 hp.
Fire: a) +0 sling
Press: ? - help, Q - select action, (/) - cycle Shift-Dir - straight line, f - killer bee
Aim: a killer bee (almost dead, ally target, 16% to hit)
You shoot a sling bullet. The sling bullet misses the killer bee.
The killer bee closely misses you. The killer bee barely misses you.
Fire: a) +0 sling
Press: ? - help, Q - select action, (/) - cycle Shift-Dir - straight line, f/p - killer bee
Aim: a killer bee (almost dead, ally target, 16% to hit)
You shoot a sling bullet.
The sling bullet barely misses the killer bee.
Your lightning spire disappears in a puff of smoke!
The killer bee stings you.
* * * LOW HITPOINT WARNING * * *
The killer bee stings you.
* * * LOW HITPOINT WARNING * * *
The killer bee barely misses you.
The killer bee attacks as you move away!
The killer bee misses you. The adder bites you but does no damage.
The killer bee stings you!
* * * LOW HITPOINT WARNING * * *
The adder bites you.
* * * LOW HITPOINT WARNING * * *
You take 7 damage, and have 7/50 hp.
Casting: Call Imp (safe; 1% risk of failure)
Confirm with . or Enter, or press ? or * to list all spells.
An electric hum fills the air.
* * * LOW HITPOINT WARNING * * *
The killer bee stings you but does no damage.
The killer bee stings you!
You die...

#......##...#..# $#
#......#..#>... #.###..
.......#..##.. #.<.#...#
........#..#.# #..#.....
.............###........
........§##..†..........
........................
........#.S.##y.........
.....#..#@y####.........
.... #..#.8# #.........
..# ##.#.## #.y8...... .
#.... #..†y5..... .....
#........## ...#.#
#.:......# .... ..
#........# ..... ..
.........# ..........#


You could see a killer bee (ally target), an adder and a friendly lightning
spire (summoned).

Vanquished Creatures
  A gnoll (D:3)
  2 adders (D:3)
  A worm (D:2)
  A dart slug (D:4)
  6 orcs
  7 endoplasms
  2 giant cockroaches
  5 goblins
  6 hobgoblins
  3 quokkas
  4 ball pythons
  8 bats
  3 frilled lizards
  4 kobolds
  3 rats
56 creatures vanquished.

Vanquished Creatures (collateral kills)
  Grinder (D:3)
  Sigmund (D:2)
  5 killer bees (D:5)
  A nameless horror (D:2)
  An orc priest (D:4)
  2 jellies (D:4)
  2 iguanas
  3 orc wizards
  A gnoll (D:3)
  2 adders
  A dart slug (D:4)
  13 orcs
  A ball python (D:1)
  2 bats
  3 endoplasms
  A giant cockroach (D:3)
  6 goblins
  A hobgoblin (D:4)
  3 jackals (D:3)
  3 kobolds (D:4)
  A quokka (D:1)
  2 frilled lizards (D:1)
56 creatures vanquished.

Vanquished Creatures (others)
  A gnoll (D:3)
1 creature vanquished.

Grand Total: 113 creatures vanquished

Notes
Turn   | Place    | Note
-------+----------+-------------------------------------------
     0 | D:1      | IndexError the Djinni Summoner began the quest for the Orb.
     0 | D:1      | IndexError set off with the following spells memorised:
                  | Summon Small Mammal, Call Imp, Call Canine Familiar, Summon
                  | Guardian Golem, Summon Lightning Spire.
     0 | D:1      | Reached XP level 1. HP: 15/15 MP: 0/0
   169 | D:1      | Reached XP level 2. HP: 21/21 MP: 0/0
   387 | D:1      | Reached XP level 3. HP: 25/25 MP: 0/0
   387 | D:1      | Learned a level 1 spell: Sting
   451 | D:1      | Reached skill level 4 in Spellcasting
  1004 | D:2      | Reached XP level 4. HP: 31/31 MP: 0/0
  1017 | D:2      | Noticed Sigmund
  1019 | D:2      | Noticed a nameless horror
  1297 | D:2      | Killed Sigmund
  1298 | D:2      | Reached skill level 5 in Spellcasting
  1298 | D:2      | Reached XP level 5. HP: 35/35 MP: 0/0
  1298 | D:2      | Learned a level 2 spell: Blink
  1298 | D:2      | Reached XP level 6. HP: 40/40 MP: 0/0
  1307 | D:2      | Killed a nameless horror
  1575 | D:3      | Noticed Grinder
  1581 | D:3      | Killed Grinder
  1582 | D:3      | Reached skill level 6 in Spellcasting
  1582 | D:3      | Reached XP level 7. HP: 23/45 MP: 0/0
  1582 | D:3      | Learned a level 3 spell: Dazzling Flash
  1839 | D:3      | Found a basalt altar of Yredelemnul.
  1874 | D:3      | Found a stormy altar of Qazlal.
  2417 | D:3      | HP: 9/45 [orc/+0 flail (5)]
  2713 | D:4      | Reached skill level 7 in Spellcasting
  2727 | D:4      | Found a staircase to the Ecumenical Temple.
  2762 | D:4      | Reached XP level 8. HP: 50/50 MP: 0/0
  2778 | Temple   | Entered the Ecumenical Temple
  2916 | Temple   | Became a worshipper of Ashenzari the Shackled
  3209 | D:4      | You are sucked into a shaft and drop 1 floor!
  3209 | D:5      | Entered Level 5 of the Dungeon
  3225 | D:5      | HP: 7/50 [killer bee (5)]
  3226 | D:5      | HP: 2/50 [killer bee (6)]
  3240 | D:5      | HP: 8/50 [killer bee (7)]
  3241 | D:5      | Slain by a killer bee

Illustrated notes

Levels and vault maps discovered:
D:1:      minmay_arrival_stair_chambers, layout_rooms, supply_closet_lemuel,
          minmay_tromino_i2
D:2:      layout_basic, dreamdust_princess_corridor, uniq_sigmund
D:3:      layout_basic, mainiacjoe_overflow_two_lobes, uniq_grinder
D:4:      layout_basic, minmay_temple_entry_arrows, kennysheep_generic_room_12
D:5:      layout_cave_pools, serial_bayou_lagoon_a
Temple:   minmay_crystal_spiral_temple

Skill      XL: |  1  2  3  4  5  6  7 |
---------------+----------------------+-----
Spellcasting   | 4 5 6 7 |  7.8
Dodging        | |  2.1
Stealth        | |  1.5

Action                     |  1- 3 |  4- 6 |  7- 9 || total
---------------------------+-------+-------+-------++-------
  Melee: Short sword       |       |       |     6 ||     6
         Sling             |       |       |     1 ||     1
   Fire: Sling             |    77 |    51 |   121 ||   249
   Cast: Summon Small Mamm |    13 |     7 |     6 ||    26
         Sting             |     4 |     3 |       ||     7
         Call Canine Famil |       |     5 |    10 ||    15
         Call Imp          |       |     4 |     6 ||    10
         Summon Lightning  |       |     1 |    11 ||    12
         Summon Guardian G |       |       |     3 ||     3
 Armour: Robe              |    11 |     9 |    29 ||    49
  Dodge: Dodged            |    32 |    35 |   106 ||   173

Levels and vault maps discovered:
D:1:      minmay_arrival_stair_chambers, layout_rooms, supply_closet_lemuel,
          minmay_tromino_i2
D:2:      layout_basic, dreamdust_princess_corridor, uniq_sigmund
D:3:      layout_basic, mainiacjoe_overflow_two_lobes, uniq_grinder
D:4:      layout_basic, minmay_temple_entry_arrows, kennysheep_generic_room_12
D:5:      layout_cave_pools, serial_bayou_lagoon_a
Temple:   minmay_crystal_spiral_temple

Table legend: (Time is in decaauts)
 A = Elapsed time spent in this place.
 B = Non-inter-level travel time spent in this place.
 C = Inter-level travel time spent in this place.
 D = Time resting spent in this place.
 E = Time spent auto-exploring this place.
 F = Levels seen in this place.
 G = Mean time per level.
                   A        B        C        D        E       F      G
               +--------+--------+--------+--------+--------+-----+--------+
         Total |   3348 |   2875 |    473 |      4 |   2016 |   6 |  558.0 |
       Dungeon |   3133 |   2745 |    388 |      4 |   1904 |   5 |  626.6 |
        Temple |    214 |    129 |     85 |      0 |    112 |   1 |  214.0 |
               +--------+--------+--------+--------+--------+-----+--------+

Top non-repeatable levels by time:
     D:3: 921 daAuts
     D:1: 919 daAuts
     D:2: 729 daAuts
     D:4: 530 daAuts
  Temple: 214 daAuts
     D:5: 32 daAuts

Table legend:
 A = Kills in this place as a percentage of kills in the entire game.
 B = Kills by you in this place as a percentage of kills by you in the entire game.
 C = Kills by friends in this place as a percentage of kills by friends in the entire game.
 D = Other kills in this place as a percentage of other kills in the entire game.
 E = Experience gained in this place as a percentage of experience gained in the entire game.
 F = Experience gained in this place divided by the number of levels of this place that you have seen.
                   A       B       C       D       E      F
               +-------+-------+-------+-------+-------+----------------------
         Total | 100.0 | 100.0 | 100.0 | 100.0 | 100.0 | 226.3
       Dungeon | 100.0 | 100.0 | 100.0 | 100.0 | 100.0 | 271.6
               +-------+-------+-------+-------+-------+----------------------
